 Dungeon Crawl Stone Soup version 0.26.0-10-g1f06aea511 (webtiles) character file.

Game seed: 7461266643378047755

920 MajorAdolf the Sneak (level 8, 0/76 HPs)
             Began as a Naga Wanderer on Jan 17, 2021.
             Slain by an orc warrior
             ... wielding a +0 trident
              (17 damage)
             ... on level 5 of the Dungeon.
             The game lasted 00:10:14 (6336 turns).

MajorAdolf the Sneak (Naga Wanderer)                Turns: 6336, Time: 00:10:15

Health: 0/76       AC:  7    Str: 19    XL:     8   Next: 10%
Magic:  8/8        EV: 11    Int: 12    God:
Gold:   220        SH:  4    Dex: 11    Spells: 7/7 levels left

rFire    . . .     SeeInvis +   l - +2 dagger (venom)
rCold    . . .     Faith    .   u - +0 buckler
rNeg     + . .     Spirit   .   e - +0 robe
rPois    +         Reflect  .   (no helmet)
rElec    .         Harm     .   w - +1 cloak
rCorr    .         Rampage  .   y - +0 pair of gloves
Will     +....                  (no barding)
Stlth    +++.......             (no amulet)
HPRegen  0.22/turn              r - ring of positive energy
MPRegen  0.11/turn              (no ring)

@: about to teleport, short of breath, very slow
A: large, see invisible, deformed body, poison resistance, slowness 2, spit
poison 1, strong 1, sturdy frame 1, AC +2
a: Spit Poison


You were on level 5 of the Dungeon.
You visited 1 branch of the dungeon, and saw 5 of its levels.

You collected 256 gold pieces.
You spent 36 gold pieces at shops.

Inventory:

Hand Weapons
 l - a +2 dagger of venom (weapon)
Missiles
 v - 27 poisoned darts (quivered)
Armour
 e - a +0 robe (worn)
 u - a +0 buckler (worn)
 w - a +1 cloak (worn)
 y - a +0 pair of gloves (worn)
Jewellery
 r - a ring of positive energy (left hand)
Wands
 p - a wand of enslavement (6)
Scrolls
 a - a scroll of enchant weapon
 f - 7 scrolls of remove curse
 j - a scroll of fog
 o - 2 scrolls of teleportation
 x - a scroll of immolation
Potions
 b - 2 potions of berserk rage
 d - 2 potions of curing
 m - a potion of haste
 n - a potion of might


   Skills:
 + Level 6.2 Fighting
 - Level 2.0 Maces & Flails
 - Level 2.0 Armour
 + Level 3.6 Dodging
 + Level 7.7 Stealth
 + Level 1.7 Shields
 + Level 2.2 Evocations


You had 7 spell levels left.
You didn't know any spells.
Your spell library was empty.

Dungeon Overview and Level Annotations

Branches:
Dungeon (5/15)
 Temple: D:4-7

Altars:
Okawaru

Shops:
D:4 *


Innate Abilities, Weirdness & Mutations

You cannot wear boots.
Your serpentine skin is tough. (AC +2)
You have supernaturally acute eyesight. (SInv)
Armour fits poorly on your strangely shaped body.
Your system is resistant to poisons. (rPois)
You cover ground very slowly.
You can spit poison.
Your muscles are strong. (Str +2)
Your movements are slightly less encumbered by armour. (ER -2)


Message History

The adder bites you but does no damage.
You see here a book of Changes.
The adder closely misses you.
The orc warrior hits you from afar with a +0 trident.
The adder closely misses you. The adder barely misses you. The adder bites you.
Press: ? - help, Shift-Dir - straight line, f/p - orc warrior
Aim: an orc warrior, wielding a +0 trident and wearing a +0 chain mail (severely wounded, very poisoned)
The splash of poison hits the adder!
The adder is heavily wounded.
The adder bites you but does no damage.
The orc warrior hits you from afar with a +0 trident!
* * * LOW HITPOINT WARNING * * *
Unknown command.
Okay, then.
As you read the scroll of teleportation, it crumbles to dust.
You feel strangely unstable. The adder barely misses you.
The orc warrior hits you from afar with a +0 trident!
You die...

# # #. .# ###.###.#
..S..#.#####
#.#........ #.....#
###########.[##
#.....@SooS..#
#.#########.## #.# #.#
.# #.#########.# ###
#.## #........##..
..##...# #........####
#.#.....
#........#######.......
#......................
#........#####........#


You could see an orc warrior (very poisoned), an orc wizard (invisible) and 2
adders.

Vanquished Creatures
  Sigmund (D:3)
  3 ogres
  2 iguanas
  A scorpion (D:3)
  A howler monkey (D:3)
  A centaur zombie (D:5)
  Crazy Yiuf (D:3)
  Natasha (thrice) (D:3)
  2 worker ants (D:4)
  4 adders
  2 shadow imps (D:5)
  An ooze (D:3)
  An adder zombie (D:5)
  6 dart slugs
  3 leopard geckos
  5 orcs
  5 giant cockroaches
  6 goblins
  5 hobgoblins
  3 jackals (D:1)
  6 bats
  9 frilled lizards
  4 kobolds
  2 leopard gecko skeletons (D:4)
  7 rats
84 creatures vanquished.

Vanquished Creatures (collateral kills)
  A howler monkey (D:3)
1 creature vanquished.

Vanquished Creatures (others)
  A plant (D:1)
1 creature vanquished.

Grand Total: 86 creatures vanquished

Notes
Turn   | Place    | Note
-------+----------+-------------------------------------------
     0 | D:1      | MajorAdolf the Naga Wanderer began the quest for the Orb.
     0 | D:1      | MajorAdolf set off with the following items: a +2 dagger, a
                  | potion of berserk rage, a +0 mace, a potion of
                  | lignification, a +0 robe
     0 | D:1      | Reached XP level 1. HP: 22/22 MP: 1/1
    53 | D:1      | Reached XP level 2. HP: 17/30 MP: 2/2
   759 | D:1      | Reached skill level 1 in Dodging
   759 | D:1      | Reached XP level 3. HP: 9/36 MP: 3/3
  2043 | D:2      | Noticed an ogre
  2052 | D:2      | Killed an ogre
  2053 | D:2      | Reached skill level 4 in Stealth
  2053 | D:2      | Reached XP level 4. HP: 4/45 MP: 4/4
  2053 | D:2      | Reached XP level 5. HP: 5/51 MP: 5/5
  2874 | D:3      | Noticed Sigmund
  2882 | D:3      | Found a faded altar of an unknown god.
  2926 | D:3      | Reached skill level 5 in Stealth
  3017 | D:3      | Noticed Natasha
  3030 | D:3      | Killed Natasha
  3031 | D:3      | Reached skill level 5 in Fighting
  3073 | D:3      | Noticed Natasha
  3082 | D:3      | Killed Natasha
  3149 | D:3      | Noticed Natasha
  3183 | D:3      | Killed Natasha
  3184 | D:3      | Reached XP level 6. HP: 21/61 MP: 6/6
  3663 | D:3      | Noticed a phantom
  3869 | D:3      | Found a runed translucent door.
  3870 | D:3      | Noticed Crazy Yiuf
  3997 | D:3      | Killed Sigmund
  3998 | D:3      | Reached skill level 6 in Stealth
  4100 | D:3      | Killed Crazy Yiuf
  4217 | D:4      | Reached XP level 7. HP: 68/68 MP: 7/7
  4553 | D:3      | Reached skill level 7 in Stealth
  4553 | D:3      | Reached skill level 1 in Evocations
  4563 | D:3      | Reached skill level 1 in Shields
  5177 | D:4      | Found an iron altar of Okawaru.
  5336 | D:4      | Found Giece's General Store.
  5353 | D:4      | Bought a potion of curing for 36 gold pieces
  5513 | D:5      | Entered Level 5 of the Dungeon
  5526 | D:5      | Gained mutation: Your movements are slightly less
                  | encumbered by armour. (ER -2) [potion of mutation]
  5526 | D:5      | Gained mutation: Your muscles are strong. (Str +2) [potion
                  | of mutation]
  5991 | D:4      | Reached XP level 8. HP: 49/76 MP: 8/8
  6336 | D:5      | Slain by an orc warrior

Illustrated notes

Levels and vault maps discovered:
D:1:      wander_arrival_estate, layout_basic, serial_forest,
          infiniplex_forest_lined_3_way, infiniplex_forest_straight_4,
          infiniplex_forest_fountain, infiniplex_forest_clump_diagonal,
          infiniplex_forest_join, infiniplex_forest_lined_room_2
D:2:      layout_loops_corners
D:3:      layout_rooms, chequers_ecumenical_altar_simple_redux, glass_columns_c,
          kennysheep_generic_room_6, uniq_natasha, uniq_sigmund,
          uniq_crazy_yiuf_cottage
D:4:      layout_cave_pools, okawaru_trees_2, serial_shops, shop
D:5:      kennysheep_windowed_halls, layout_loops_ring, kennysheep_mini,
          kennysheep_little_box, minmay_temple_entry_nine_rooms

Skill      XL: |  1  2  3  4  5  6  7 |
---------------+----------------------+-----
Armour         | 2 |  2.0
Dodging        | 1 2 3 |  3.6
Stealth        | 4 5 6 7 |  7.7
Fighting       | 5 6 |  6.2
Evocations     | 2 |  2.2
Shields        | 1 |  1.7
Maces & Flails | |  2.0

Action                   |  1- 3 |  4- 6 |  7- 9 || total
-------------------------+-------+-------+-------++-------
Melee: Dagger            |    86 |    81 |   123 ||   290
Throw: Dart              |       |     9 |       ||     9
 Abil: Spit Poison       |     7 |    11 |    13 ||    31
Evoke: Wand              |       |     2 |     1 ||     3
  Use: Potion            |       |     1 |     2 ||     3
       Scroll            |       |       |    17 ||    17
 Stab: Sleeping          |     3 |     5 |     1 ||     9
       Distracted        |       |     1 |       ||     1
Armor: Robe              |    17 |     5 |    25 ||    47
       Ring mail         |    14 |       |       ||    14
       Skin              |       |     7 |    25 ||    32
Dodge: Dodged            |    45 |    32 |    55 ||   132
Block: Buckler           |       |       |    23 ||    23
